 Dungeon Crawl Stone Soup version 0.18.1-5-g4a78601 (webtiles) character file.

43610 mopl the Devastator (level 13, 0/74 HPs)
             Began as a Deep Elf Conjurer on May 9, 2016.
             Was a High Priest of Vehumet.
             Slain by a sheep (3 damage)
             ... on level 8 of the Lair of Beasts.
             The game lasted 00:54:06 (16453 turns).

mopl the Devastator (Deep Elf Conjurer)            Turns: 16453, Time: 00:54:07

Health: 0/74       AC:  6    Str:  5    XL:     13   Next: 91%
Magic:  22/32      EV: 18    Int: 28    God:    Vehumet [*****.]
Gold:   800        SH:  0    Dex: 15    Spells: 7 memorised, 14 levels left

rFire  . . .     SeeInvis .     h - +0 dagger (venom)
rCold  . . .     Gourm    .     a - +0 robe
rNeg   . . .     Faith    .     (no shield)
rPois  +         Spirit   .     V - +0 hat {MR+}
rElec  .         Dismiss  .     A - +0 cloak {rPois}
rCorr  .         Reflect  .     X - +1 pair of gloves of Ybrabo {Stlth+}
SustAt .         Harm     .     w - +0 pair of boots
MR     +++..                    T - amulet of magic regeneration
Stlth  ++++......               Q - ring of protection from magic {=R}
                                s - +2 ring of intelligence

@: very slightly contaminated, extremely resistant to hostile enchantments,
stealthy
A: no striking features
a: Renounce Religion


You were on level 8 of the Lair of Beasts.
You worshipped Vehumet.
Vehumet was extremely pleased with you.
You were not hungry.

You visited 3 branches of the dungeon, and saw 21 of its levels.
You also visited: Sewer.

You collected 970 gold pieces.
You spent 170 gold pieces at shops.

Inventory:

Hand Weapons
 h - a +0 dagger of venom (weapon)
Missiles
 x - 27 tomahawks (quivered)
 U - a throwing net
Armour
 a - a +0 robe (worn)
 p - a cursed +0 shield
 w - a +0 pair of boots (worn)
 A - a +0 cloak of poison resistance (worn)
 V - a +0 hat of magic resistance (worn)
 X - the +1 pair of gloves of Ybrabo (worn) {Stlth+}
   (You found it on level 11 of the Dungeon)

   It makes you more stealthy.
Magical Staves
 J - an uncursed staff of wizardry {!a}
Jewellery
 j - an uncursed ring of protection from fire
 l - an uncursed ring of protection from cold
 s - a +2 ring of intelligence (left hand)
 z - an uncursed ring of resist corrosion
 F - an uncursed ring of positive energy
 Q - a ring of protection from magic (right hand) {=R}
 T - an amulet of magic regeneration (around neck)
Wands
 b - a wand of lightning (2/15)
 y - a wand of iceblast (7/15)
 C - a wand of confusion (17/48)
 I - a wand of acid (5/15)
 O - a wand of slowing (25/48)
Scrolls
 d - 4 scrolls of remove curse {unknown}
 i - 11 scrolls of identify
 q - 4 scrolls of teleportation {unknown}
 u - 4 scrolls of recharging {unknown}
 B - 4 scrolls of magic mapping {unknown}
 R - 2 scrolls of holy word {unknown}
Potions
 g - 2 potions of cancellation
 n - 2 potions of magic {unknown}
 v - 6 potions of flight
 H - 2 potions of lignification {unknown}
 K - 3 potions of curing {unknown}
 L - 2 potions of heal wounds {unknown}
 M - 2 potions of might
 P - 2 potions of berserk rage {unknown}
Miscellaneous
 W - a fan of gales
Comestibles
 c - 4 bread rations
 f - 4 chunks of flesh
 r - 31 fruits


   Skills:
 + Level 6.2 Fighting
 + Level 9.3 Dodging
 + Level 6.0 Stealth
 - Level 13.0 Spellcasting
 * Level 16.6 Conjurations
 - Level 10.0 Hexes
 - Level 10.0 Charms
 - Level 5.0 Transmutations


You had 14 spell levels left.
You knew the following spells:

 Your Spells              Type           Power        Failure   Level  Hunger
a - Magic Dart            Conj           ####         0%          1    None
b - Searing Ray           Conj           ######       0%          2    None
c - Dazzling Spray        Conj/Hex       #######.     1%          3    None
d - Iskenderun's Mystic   Conj           #######.     1%          4    None
g - Iskenderun's Battles  Conj/Chrm      #######.     1%          5    ##.....
h - Fulminant Prism       Conj/Hex       #######...   1%          4    None
j - Irradiate             Conj/Trmt      ######....   1%          5    ##.....


Dungeon Overview and Level Annotations

Branches:
Dungeon (12/15)            Temple (1/1) D:6            Lair (7/8) D:8
 Shoals (0/4) Lair:5       Spider (0/4) Lair:3          Orc (0/2) D:9
  Slime: Lair:6-8

Altars:
Ashenzari
Cheibriados
Dithmenos
Elyvilon
Fedhas
Gozag
Kikubaaqudgha
Makhleb
Nemelex Xobeh
Okawaru
Pakellas
Qazlal
Ru
Sif Muna
Trog
Vehumet
Xom
Yredelemnul
Zin
The Shining One
Beogh

Shops:
D:8 [

Annotations:
D:7 exclusion: ice statue
D:9 flight
D:11 Snorg
Lair:2 exclusion: oklob plant


Message History

Okay, then.
Unknown command.
Read which item? (? for menu, Esc to quit)
As you read the scroll labeled WODWOTW CEUMYIFAOX, it crumbles to dust.
It is a scroll of identify.
Identify which item? (\ to view known items) (? for menu, Esc to quit)
v - 6 potions of flight The sheep misses you.
Read which item? (? for menu, Esc to quit)
Identify which item? (\ to view known items) (? for menu, Esc to quit)
As you read the scroll of identify, it crumbles to dust.
M - 2 potions of might The sheep bites you.
* * * LOW HITPOINT WARNING * * *
The death yak gores something.
Drink which item? (? for menu, Esc to quit)
It was a potion of cancellation.
You feel slightly less contaminated with magical energies.
You feel magically purged. The sheep bites you.
You die...

##.P.........
##..P##.....#
###..P#########
#P...## ###....#
#......##
##......########
####..P.F..#...#..
#@##....Y......YY.
##YYYY.......Y.Y†.
#PYY..............
##.F..............
#............#...
.............#...
#.................
#P...........##...
#.......... #...


You could see a death yak, a blink frog and 5 sheep.

Vanquished Creatures
  Nessos (Lair:5)
  6 hydras
  Erolcha (D:8)
  The ghost of oplop the Transmogrifier, a journeyman OpTm of Cheibriados (D:12)
  The ghost of pedritolo the Grappler, a novice MiMo (D:9)
  7 death yaks
  3 hill giants
  Pikel (D:5)
  A cyclops (D:11)
  A manticore (D:8)
  2 ugly things
  2 griffons
  A black mamba (Lair:6)
  8 spiny frogs
  17 komodo dragons
  A jumping spider (Lair:3)
  A polar bear (Lair:6)
  A two-headed ogre (D:9)
  A troll (D:9)
  15 blink frogs
  A boulder beetle (Lair:8)
  3 redbacks (Lair:3)
  31 yaks
  A wyvern (D:8)
  A basilisk (Lair:3)
  7 hippogriffs
  4 vampire mosquitoes
  A mottled dragon (D:12)
  2 insubstantial wisps (Lair:6)
  9 water moccasins
  13 porcupines
  2 sky beasts
  5 orc warriors
  2 swamp drakes
  3 wasps
  4 ogres
  2 ice beasts
  A phantom (D:9)
  10 centaurs
  2 necrophages
  An eye of draining (D:12)
  5 wolves (Lair:6)
  8 crocodiles
  3 big kobolds
  15 giant frogs
  A wyvern zombie (D:9)
  A wyvern skeleton (D:12)
  A water moccasin skeleton (D:8)
  The ghost of CrazyArbalest the Bolt Thrower, a weakling MiHu (D:5)
  5 scorpions
  6 killer bees (D:7)
  7 wights
  4 howler monkeys (D:11)
  A centaur zombie (D:9)
  A quasit (D:9)
  2 crimson imps
  4 hounds
  3 jellies
  A wasp zombie (D:4)
  A centaur skeleton (D:7)
  2 giant frog zombies
  6 orc priests
  10 orc wizards
  2 giant frog skeletons
  12 iguanas
  6 worker ants
  10 sheep
  A worker ant zombie (D:10)
  14 gnolls
  7 adders
  17 river rats
  6 shadow imps
  2 adder zombies
  An adder skeleton (D:9)
  3 worms
  2 dart slugs
  5 giant geckos
  38 orcs
  8 giant cockroaches
  8 goblins
  10 hobgoblins
  14 jackals
  3 quokkas
  3 ball pythons
  10 bats
  2 giant gecko skeletons (D:4)
  4 giant newts
  A goblin skeleton (D:6)
  3 goblin zombies (D:6)
  2 hobgoblin zombies (D:6)
  13 kobolds
  2 kobold skeletons (D:6)
  2 kobold zombies (D:6)
  A quokka skeleton (D:6)
  15 rats
  A plant (Lair:8)
493 creatures vanquished.

Vanquished Creatures (others)
  3 slaves (D:5)
  A gnoll (D:5)
  A shadow imp (D:5)
  7 bushes (Lair:8)
  5 fulminant prisms
  9 fungi
  10 plants
  12 toadstools (Lair:2)
48 creatures vanquished.

Grand Total: 541 creatures vanquished

Notes
Turn   | Place    | Note
--------------------------------------------------------------
     0 | D:1      | mopl the Deep Elf Conjurer began the quest for the Orb.
     0 | D:1      | Reached XP level 1. HP: 10/10 MP: 6/6
   173 | D:1      | Reached XP level 2. HP: 7/15 MP: 1/8
   737 | D:1      | Learned a level 2 spell: Searing Ray
   755 | D:1      | Reached skill level 5 in Conjurations
  1095 | D:1      | Reached XP level 3. HP: 18/19 MP: 3/10
  1107 | D:1      | Learned a level 3 spell: Dazzling Spray
  1163 | D:1      | Reached skill level 4 in Spellcasting
  1479 | D:2      | Found a basalt altar of Yredelemnul.
  1495 | D:2      | Found a bloodstained altar of Trog.
  1711 | D:2      | Reached XP level 4. HP: 22/24 MP: 0/12
  1990 | D:2      | Learned a level 4 spell: Iskenderun's Mystic Blast
  2353 | D:3      | Reached skill level 6 in Conjurations
  2811 | D:3      | Found a white marble altar of Elyvilon.
  2863 | D:3      | Reached XP level 5. HP: 3/28 MP: 1/14
  3215 | D:3      | Reached skill level 5 in Spellcasting
  3371 | D:4      | Found a glowing silver altar of Zin.
  3406 | D:4      | Found an ancient bone altar of Kikubaaqudgha.
  3465 | D:4      | Noticed an ogre
  3472 | D:4      | Killed an ogre
  3472 | D:4      | Reached skill level 7 in Conjurations
  3472 | D:4      | Reached XP level 6. HP: 32/32 MP: 9/16
  3481 | D:4      | Learned a level 4 spell: Fulminant Prism
  3500 | D:4      | Reached skill level 1 in Hexes
  3664 | D:4      | Reached skill level 6 in Spellcasting
  3666 | D:4      | Reached skill level 2 in Hexes
  3775 | D:4      | Reached XP level 7. HP: 14/36 MP: 10/18
  3838 | D:4      | Reached skill level 8 in Conjurations
  4000 | D:4      | Reached skill level 3 in Hexes
  4016 | D:4      | Found a roughly hewn altar of Beogh.
  4241 | D:5      | Entered Level 5 of the Dungeon
  4264 | D:5      | Found a sparkling altar of Nemelex Xobeh.
  4299 | D:5      | Noticed Pikel
  4311 | D:5      | Killed Pikel
  4311 | D:5      | Reached skill level 7 in Spellcasting
  4311 | D:5      | Reached skill level 9 in Conjurations
  4311 | D:5      | Reached skill level 4 in Hexes
  4311 | D:5      | Reached XP level 8. HP: 41/41 MP: 2/21
  4318 | D:5      | Noticed CrazyArbalest's ghost (weakling MiHu)
  4504 | D:5      | Killed CrazyArbalest's ghost
  4544 | D:5      | Learned a level 5 spell: Iskenderun's Battlesphere
  4647 | D:5      | Reached skill level 5 in Hexes
  4739 | D:5      | Found a glowing drain.
  4749 | Sewer    | Entered a sewer
  4903 | Sewer    | Reached skill level 8 in Spellcasting
  4924 | Sewer    | Found a glowing silver altar of Zin.
  5078 | D:5      | Reached skill level 10 in Conjurations
  5143 | D:5      | Reached skill level 1 in Charms
  5246 | D:6      | Reached skill level 2 in Charms
  5316 | D:6      | Noticed a hill giant
  5346 | D:6      | Killed a hill giant
  5346 | D:6      | Reached skill level 6 in Hexes
  5346 | D:6      | Reached skill level 3 in Charms
  5346 | D:6      | Reached XP level 9. HP: 12/45 MP: 4/23
  5441 | D:6      | Found a glowing golden altar of the Shining One.
  5527 | D:6      | Found a staircase to the Ecumenical Temple.
  5540 | Temple   | Entered the Ecumenical Temple
  5557 | Temple   | Became a worshipper of Vehumet
  5610 | D:6      | Reached skill level 4 in Charms
  5891 | D:6      | Reached skill level 11 in Conjurations
  6018 | D:7      | Reached skill level 9 in Spellcasting
  6110 | D:7      | Reached skill level 7 in Hexes
  6231 | D:7      | Reached * piety under Vehumet
  6231 | D:7      | Offered knowledge of Sting by Vehumet.
  6231 | D:7      | Reached skill level 5 in Charms
  6418 | D:7      | Noticed an ice statue
  6884 | D:8      | Noticed Erolcha
  6894 | D:8      | Killed Erolcha
  6894 | D:8      | Reached skill level 12 in Conjurations
  6894 | D:8      | Reached skill level 6 in Charms
  6894 | D:8      | Reached XP level 10. HP: 50/50 MP: 12/25
  7137 | D:8      | Reached skill level 10 in Spellcasting
  7151 | D:8      | Noticed a manticore
  7159 | D:8      | Killed a manticore
  7159 | D:8      | Reached skill level 7 in Charms
  7261 | D:8      | Found a staircase to the Lair.
  7503 | D:8      | Found Bushroj Oxod's Antique Armour Shop.
  7511 | D:8      | Bought a runed cloak for 90 gold pieces
  7511 | D:8      | Bought a glowing hat for 80 gold pieces
  7765 | Lair:1   | Entered Level 1 of the Lair of Beasts
  7869 | D:9      | Noticed pedritolo's ghost (novice MiMo)
  7875 | D:9      | Reached ** piety under Vehumet
  7876 | D:9      | Killed pedritolo's ghost
  7876 | D:9      | Offered knowledge of Sandblast by Vehumet.
  7876 | D:9      | Reached skill level 8 in Charms
  7931 | D:9      | Reached skill level 13 in Conjurations
  8030 | D:9      | Reached skill level 3 in Dodging
  8058 | D:9      | Found a staircase to the Orcish Mines.
  8251 | D:9      | Found an opulent altar of Gozag.
  8257 | D:9      | Found a glowing golden altar of the Shining One.
  8359 | D:9      | Reached skill level 1 in Fighting
  8428 | D:9      | Offered knowledge of Throw Flame by Vehumet.
  8707 | D:10     | Entered Level 10 of the Dungeon
  8769 | D:10     | Learned a level 5 spell: Irradiate
  8806 | D:10     | Noticed a purple ugly thing
  8813 | D:10     | Killed a purple ugly thing
  8813 | D:10     | Reached skill level 11 in Spellcasting
  8813 | D:10     | Reached XP level 11. HP: 56/56 MP: 17/28
  8879 | D:10     | Reached *** piety under Vehumet
  9000 | D:10     | Reached skill level 4 in Dodging
  9089 | D:10     | Got a shimmering leather armour
  9297 | D:11     | Reached skill level 9 in Charms
  9328 | D:11     | Noticed Snorg
  9329 | D:12     | Noticed oplop's ghost (journeyman OpTm)
  9366 | D:12     | Killed oplop's ghost
  9366 | D:12     | Offered knowledge of Inner Flame by Vehumet.
  9366 | D:12     | Reached skill level 8 in Hexes
  9370 | D:12     | HP: 1/57 [wyvern skeleton (6)]
  9623 | D:12     | Noticed a cyan ugly thing
  9640 | D:12     | Reached skill level 2 in Fighting
  9787 | D:12     | Killed a cyan ugly thing
  9819 | D:11     | Found a white marble altar of Elyvilon.
  9819 | D:11     | Noticed a hill giant
  9891 | D:11     | Noticed a green ugly thing
  9975 | D:11     | Noticed a hill giant
  9997 | D:11     | Killed a hill giant
 10008 | D:11     | Killed a hill giant
 10008 | D:11     | Reached skill level 5 in Dodging
 10122 | D:11     | Noticed a five-headed hydra
 10128 | D:11     | Killed a five-headed hydra
 10128 | D:11     | Reached **** piety under Vehumet
 10128 | D:11     | Reached skill level 14 in Conjurations
 10157 | D:11     | Got a pair of steaming gloves
 10163 | D:11     | Identified the +1 pair of gloves of Ybrabo {Stlth+} (You found it on level 11 of the Dungeon)
 10401 | Lair:1   | You fall through a shaft!
 10410 | Lair:2   | Offered knowledge of Throw Icicle by Vehumet.
 10444 | Lair:2   | Reached skill level 3 in Fighting
 10444 | Lair:2   | Reached skill level 9 in Hexes
 10496 | Lair:2   | Reached skill level 10 in Charms
 10642 | Lair:2   | Noticed a griffon
 10660 | Lair:2   | Killed a griffon
 10660 | Lair:2   | Reached skill level 12 in Spellcasting
 10660 | Lair:2   | Reached skill level 1 in Transmutations
 10660 | Lair:2   | Reached XP level 12. HP: 64/64 MP: 10/30
 10803 | Lair:2   | Noticed an eight-headed hydra
 10809 | Lair:2   | Killed an eight-headed hydra
 10809 | Lair:2   | Reached skill level 6 in Dodging
 10809 | Lair:2   | Reached skill level 2 in Transmutations
 11524 | Lair:2   | Reached ***** piety under Vehumet
 11524 | Lair:2   | Offered knowledge of Conjure Ball Lightning by Vehumet.
 11681 | Lair:2   | Found a blossoming altar of Fedhas.
 11983 | Lair:3   | Found a hole to the Spider Nest.
 12026 | Lair:3   | Reached skill level 4 in Fighting
 12046 | Lair:3   | Reached skill level 10 in Hexes
 12095 | Lair:3   | Reached skill level 3 in Transmutations
 12293 | Lair:3   | Reached skill level 15 in Conjurations
 12297 | Lair:3   | Reached skill level 7 in Dodging
 12594 | Lair:3   | Noticed a five-headed hydra
 12600 | Lair:3   | Killed a five-headed hydra
 12600 | Lair:3   | Reached skill level 4 in Transmutations
 12811 | Lair:4   | Noticed a four-headed hydra
 12817 | Lair:4   | Killed a four-headed hydra
 12824 | Lair:4   | Noticed a six-headed hydra
 12830 | Lair:4   | Killed a six-headed hydra
 12886 | Lair:4   | Reached XP level 13. HP: 72/72 MP: 24/31
 13303 | Lair:4   | Got a polished ring mail
 13616 | Lair:5   | Reached skill level 13 in Spellcasting
 13689 | Lair:5   | Found a staircase to the Shoals.
 13818 | Lair:5   | Noticed Nessos
 13827 | Lair:5   | Killed Nessos
 13827 | Lair:5   | Reached skill level 5 in Fighting
 14311 | Lair:5   | Reached skill level 5 in Transmutations
 14433 | Lair:6   | Reached skill level 3 in Stealth
 14545 | Lair:6   | Reached skill level 8 in Dodging
 14703 | Lair:6   | Reached skill level 16 in Conjurations
 14933 | Lair:6   | Reached skill level 4 in Stealth
 15227 | Lair:6   | Offered knowledge of Freezing Cloud by Vehumet.
 15560 | Lair:7   | Reached skill level 5 in Stealth
 15985 | Lair:7   | Reached skill level 9 in Dodging
 16048 | Lair:7   | You fall through a shaft!
 16048 | Lair:8   | Entered Level 8 of the Lair of Beasts
 16197 | Lair:8   | Reached skill level 6 in Fighting
 16431 | Lair:8   | Reached skill level 6 in Stealth
 16452 | Lair:8   | HP: 3/74 [sheep (6)]
 16453 | Lair:8   | Slain by a sheep

Skill      XL: |  1  2  3  4  5  6  7  8  9 10 11 12 13 |
---------------+----------------------------------------+-----
Conjurations   | 5 6 7 9 10 12 13 14 15 16 | 16.6
Spellcasting   | 4 5 6 7 8 9 11 12 13 | 13.0
Hexes          | 2 4 6 7 9 10 | 10.0
Charms         | 3 6 8 10 | 10.0
Dodging        | 3 5 7 9 |  9.3
Fighting       | 1 3 4 6 |  6.2
Transmutations | 1 4 5 |  5.0
Stealth        | 6 |  6.0

Action                   |  1- 3 |  4- 6 |  7- 9 | 10-12 | 13-15 || total
-------------------------+-------+-------+-------+-------+-------++-------
Melee: Dagger            |    14 |    72 |   126 |    36 |    26 ||   274
 Cast: Magic Dart        |    84 |    39 |    57 |   320 |   163 ||   663
       Dazzling Spray    |     3 |     6 |    11 |    34 |    25 ||    79
       Iskenderun's Myst |       |     1 |    42 |    82 |    50 ||   175
       Searing Ray       |       |     6 |    13 |    19 |     2 ||    40
       Fulminant Prism   |       |     1 |     1 |     2 |     1 ||     5
       Iskenderun's Batt |       |       |     7 |    64 |    44 ||   115
       Irradiate         |       |       |       |       |     1 ||     1
Evoke: Wand              |       |       |     1 |     1 |     1 ||     3
  Use: Scroll            |       |       |       |       |     2 ||     2
       Potion            |       |       |       |       |     1 ||     1
 Stab: Sleeping          |     1 |     3 |     9 |     3 |       ||    16
       Invisible         |       |     2 |     1 |       |       ||     3
  Eat: Chunk             |     3 |     7 |    12 |    23 |    13 ||    58
       Beef jerky        |       |       |     1 |       |       ||     1
Armor: Robe              |    14 |     7 |    20 |    13 |     6 ||    60
Dodge: Dodged            |    51 |    51 |   106 |   101 |    47 ||   356
